 Dungeon Crawl Stone Soup version 0.18-a0-884-gb6cfd45 (webtiles) character file.

345 Duffy the Magician (level 6, -4/32 HPs)
             Began as a Deep Elf Wizard on Dec 22, 2015.
             Slain by a giant frog (5 damage)
             ... on level 7 of the Dungeon.
             The game lasted 00:04:44 (3999 turns).

Duffy the Magician (Deep Elf Wizard)                Turns: 3999, Time: 00:04:44

Health: -4/32      AC:  4    Str:  4    XL:     6   Next: 32%
Magic:  9/18       EV: 12    Int: 25    God:
Gold:   124        SH:  0    Dex: 13    Spells: 6 memorised, 6 levels left

rFire  . . .     SeeInvis .     (no weapon)
rCold  + . .     Gourm    +     w - +2 robe {rC+}
rNeg   . . .     Faith    .     (no shield)
rPois  .         Spirit   .     (no helmet)
rElec  .         Dismiss  .     (no cloak)
rCorr  .         Reflect  .     (no gloves)
SustAt .         Harm     .     (no boots)
MR     .....                    C - amulet of the gourmand
Stlth  ++........               (no ring)
                                r - ring of flight

@: very slightly contaminated, not resistant to hostile enchantments, unstealthy
A: no striking features
a: Evoke Flight


You were on level 7 of the Dungeon.
You were not hungry.

You visited 1 branch of the dungeon, and saw 6 of its levels.

You collected 124 gold pieces.


   Skills:
 - Level 2.4 Dodging
 - Level 2.4 Stealth
 + Level 7.4 Spellcasting
 + Level 5.0 Conjurations
 - Level 1.1 Summonings
 - Level 1.1 Translocations


You had 6 spell levels left.
You knew the following spells:

 Your Spells              Type           Power        Failure   Level  Hunger
a - Magic Dart            Conj           ####         1%          1    None
i - Call Imp              Summ           ##......     10%         2    None
j - Conjure Flame         Conj/Fire      ###.....     10%         3    None
l - Mephitic Cloud        Conj/Pois/Air  ###.....     12%         3    None
B - Blink                 Tloc           N/A          10%         2    None
M - Repel Missiles        Chrm/Air       #.....       12%         2    None

Inventory:

Missiles
 p - 38 poisoned needles
Armour
 a - a +0 robe
 b - a +0 hat
 o - a +0 helmet
 w - a +2 robe of cold resistance (worn)
Jewellery
 r - a ring of flight (left hand)
 C - an amulet of the gourmand (around neck)
Wands
 x - a wand of draining (8/15)
 y - a wand of slowing (18/48)
 A - a wand of frost (20/48)
Scrolls
 e - 2 scrolls of teleportation {unknown}
 g - 2 scrolls of enchant weapon {unknown}
 l - 2 scrolls of amnesia {unknown}
 m - 2 scrolls of immolation {unknown}
 n - 2 scrolls of magic mapping {unknown}
 q - 2 scrolls of fear {unknown}
 s - a scroll of noise {unknown}
 t - 5 scrolls of identify {unknown}
 u - a scroll of random uselessness {unknown}
 B - a scroll of remove curse {unknown}
Potions
 f - a potion of magic {unknown}
 h - a potion of curing {unknown}
 i - a potion of cancellation {unknown}
 v - a potion of might {unknown}
 D - a potion of poison {unknown}
Books
 c - a book of Minor Magic
Comestibles
 d - 2 bread rations
 j - 2 meat rations
 k - 2 beef jerkies
 z - 5 fruits

Dungeon Overview and Level Annotations

Branches:
Dungeon (7/15)
 Temple: D:4-7

Altars:


Message History

Cast which spell? (? or * to list)
A shadowy apparition takes form in the air.
Cast which spell? (? or * to list)
You miscast Call Imp.
You are very lightly contaminated with residual magic.
You feel a strange surge of energy! The giant frog hits you.
The giant frog barely misses you.
Cast which spell? (? or * to list)
You miscast Call Imp.
Your brain hurts!
The giant frog hits you.
Your shadow imp hits the giant frog.
A centaur comes into view.
The centaur wields a shortbow.
The centaur shoots an arrow.
The arrow hits you! The giant frog hits you. The giant frog hits you!
The centaur shoots an arrow.
The arrow hits you but does no damage.
Your shadow imp misses the giant frog.
You climb downwards.
Your summoned ally is left behind.
There is a stone staircase leading up here.
Cast which spell? (? or * to list)
A beastly little devil appears in a puff of frigid air.
The giant frog hits you but does no damage.
Cast which spell? (? or * to list)
Aiming: Magic Dart
Press: ? - help, Shift-Dir - straight line, f - giant frog
Aim: a giant frog (lightly wounded)
The magic dart hits the giant frog.
The giant frog is heavily wounded.
The giant frog closely misses you. The giant frog hits you.
Your white imp closely misses the giant frog.
Cast which spell? (? or * to list)
Aiming: Magic Dart
Press: ? - help, Shift-Dir - straight line, f/p - giant frog
Aim: a giant frog (heavily wounded)
The magic dart hits the giant frog.
The giant frog is heavily wounded.
The giant frog hits you.
You die...

#....##...#
#........#
#####...#
#######.......#
#.....#.###...#
#.....#.##.##.#
#.....#.##.5..#
#.....#.##F####
#.......##@#
#.......####
#......##
##......#
#......#
#......#
#......###
#........#
#......#.#


You could see a giant frog and a friendly white imp.

Action                   |  1- 3 |  4- 6 || total
-------------------------+-------+-------++-------
 Cast: Magic Dart        |    90 |    74 ||   164
       Repel Missiles    |     1 |       ||     1
       Call Imp          |       |    28 ||    28
  Eat: Chunk             |     2 |     7 ||     9

Notes
Turn   | Place    | Note
--------------------------------------------------------------
     0 | D:1      | Duffy the Deep Elf Wizard began the quest for the Orb.
     0 | D:1      | Reached XP level 1. HP: 10/10 MP: 7/7
   317 | D:1      | Reached skill level 2 in Conjurations
   317 | D:1      | Reached XP level 2. HP: 15/15 MP: 1/9
   464 | D:1      | Learned a level 2 spell: Repel Missiles
   469 | D:1      | Learned a level 2 spell: Blink
   472 | D:1      | Learned a level 2 spell: Call Imp
   522 | D:1      | Reached skill level 5 in Spellcasting
  1042 | D:1      | Reached XP level 3. HP: 19/19 MP: 9/11
  1641 | D:2      | Reached skill level 3 in Conjurations
  1715 | D:2      | Reached XP level 4. HP: 20/24 MP: 5/13
  1905 | D:2      | Noticed Robin
  1942 | D:2      | Killed Robin
  2462 | D:3      | Noticed Sigmund
  2506 | D:3      | Killed Sigmund
  2506 | D:3      | Reached skill level 6 in Spellcasting
  2506 | D:3      | Reached skill level 4 in Conjurations
  2506 | D:3      | Reached XP level 5. HP: 28/28 MP: 3/16
  3356 | D:4      | Reached skill level 7 in Spellcasting
  3733 | D:4      | Reached XP level 6. HP: 32/32 MP: 10/18
  3850 | D:4      | Reached skill level 5 in Conjurations
  3954 | D:4      | You fall through a shaft for 3 floors!
  3986 | D:7      | Learned a level 3 spell: Mephitic Cloud
  3990 | D:7      | Learned a level 3 spell: Conjure Flame
  3999 | D:7      | Slain by a giant frog

Vault maps used:
D:1:      lightli_arrival_statuegarden, st_stairs_5,
          hangedman_abyss_or_decor_lesser_grid, minmay_newt_pond
D:2:      kennysheep_the_goblin_king, uniq_robin
D:3:      uniq_sigmund
D:4:      zin_angel, grunt_temple_overflow_open
D:6:      lemuel_slime, kennysheep_mini, serial_shops, shop, nicolae_shop_stone,
          nicolae_shop_stone, nicolae_shop_overgrown_old_shop,
          nicolae_shop_temple_entry_statues_fountains, uniq_crazy_yiuf_cottage,
          uniq_grinder, uniq_eustachio
D:7:      temple_hall, minmay_misc_feat_hallway, uniq_duvessa, uniq_joseph

Vanquished Creatures
  Sigmund
  An ogre
  A scorpion
  2 orc wizards Robin
  4 gnolls
  3 adders
  3 worms
  A giant gecko
  2 orcs
  6 bats
  10 hobgoblins
  4 jackals
  4 giant cockroaches
  12 giant newts
  23 goblins
  6 kobolds
  5 rats
89 creatures vanquished.
